 Dungeon Crawl Stone Soup version 0.29.1-1-gd02db6906a (console) character file.

Game seed: 4872974798664234467

3 sentinel the Digger (level 1, 0/14 HPs)
             Began as a Meteoran Earth Elementalist on Oct 14, 2022.
             Slain by a hobgoblin (3 damage)
             ... on level 1 of the Dungeon.
             The game lasted 00:00:01 (24 turns).

sentinel the Digger (Meteoran Earth Elementalist)     Turns: 24, Time: 00:00:02

Health: 0/14       AC:  2    Str:  9    XL:     1   Next: 71%
Magic:  1/5        EV: 12    Int: 16    God:
Gold:   0          SH:  0    Dex: 14    Spells: 4/5 levels left

rFire   . . .      SeeInvis .   (no weapon)
rCold   . . .      Faith    .   (no shield)
rNeg    . . .      Spirit   .   a - +0 robe
rPois   .          Reflect  .   (no helmet)
rElec   .          Harm     .   (no cloak)
rCorr   .          Rampage  .   (no gloves)
Will    .....                   (no boots)
Stlth   +.........              (no amulet)
HPRegen 0.04/turn               (no ring)
MPRegen 0.09/turn               (no ring)

@: glowing
A: sense surroundings 1, otherworldly, glowing, explore regen
a: no special abilities


You were on level 1 of the Dungeon.
You visited 1 branch of the dungeon, and saw 1 of its levels.

Inventory:

Armour
 a - a +0 robe (worn)
Potions
 b - a potion of magic


   Skills:
 - Level 2.4 Dodging
 - Level 1.4 Stealth
 - Level 2.6 Spellcasting
 - Level 1.2 Transmutations
 + Level 3.9 Earth Magic


You had 4 spell levels left.
You knew the following spells:

 Your Spells              Type           Power      Damage    Failure   Level
a - Sandblast             Erth           28%        2d8       3%          1

Your spell library contained the following spells:

 Spells                   Type           Power      Damage    Failure   Level
 Passwall                 Tmut/Erth      8%         N/A       10%         2
 Stone Arrow              Conj/Erth      16%        3d8       26%         3
 Petrify                  Tmut/Erth      10%        N/A       54%         4


Dungeon Overview and Level Annotations

Branches:
Dungeon (1/15) Zot: 572

Altars:


Innate Abilities, Weirdness & Mutations

You passively map a small area around you.
You are easily found by Zot.
You glow in the dark.
You regain HP and MP as you explore.


Message History

Welcome, sentinel the Meteoran Earth Elementalist.
Will you be the one to retrieve the breathtaking Orb of Zot from the depths?
Press ? for a list of commands and other information.
Found an escape hatch in the floor.
Found a staircase leading out of the dungeon.
Unknown command.
Unknown command.
Unknown command.
Found 9 gold pieces.
Unknown command.
A kobold comes into view. It is wielding a +0 club.
Found a stone staircase leading down.
Unknown command.
But you're not safe!
Unknown command.
But you're not safe!
Unknown command.
But you're not safe!
Unknown command.
The kobold shouts!
You hear a shout!
A frilled lizard comes into view.
A dart slug comes into view.
A hobgoblin comes into view.
A rat comes into view.
The blast of sand hits the kobold!
You kill the kobold!
The hobgoblin shouts!
The frilled lizard hisses angrily.
A kobold comes into view. It is wielding a +0 club.
Unknown command.
You can't see any susceptible monsters within range! (Use Z to cast anyway.) Unknown command.
You can't see any susceptible monsters within range! (Use Z to cast anyway.) Unknown command.
You can't see any susceptible monsters within range! (Use Z to cast anyway.) Unknown command.
A hobgoblin comes into view.
The kobold shouts!
The hobgoblin shouts!
The blast of sand hits the hobgoblin!
You kill the hobgoblin!
A bat comes into view.
The blast of sand misses the frilled lizard.
A goblin comes into view. It is wielding a +0 club.
The frilled lizard bites you.
Unknown command.
The blast of sand hits the frilled lizard!
You kill the frilled lizard!
The goblin shouts!
The bat hits you but does no damage. The hobgoblin hits you.
The bat hits you but does no damage. The bat barely misses you.
The hobgoblin barely misses you. The kobold hits you with a +0 club.
A goblin comes into view. It is wielding a +0 club.
The rat bites you but does no damage.
Unknown command.
The blast of sand hits the rat.
You kill the rat!
The bat hits you. The hobgoblin barely misses you.
The kobold barely misses you.
Unknown command.
You are out of magic!
Unknown command.
You hit the dart slug but do no damage. The kobold hits you with a +0 club.
The hobgoblin hits you. The bat hits you. The dart slug bites you.
You miss the bat. The bat completely misses you.
The bat hits you but does no damage. The hobgoblin hits you.
The kobold hits you but does no damage.
You are out of magic!
Unknown command.
You are out of magic!
Unknown command.
You are out of magic!
Unknown command.
You are out of magic!
Unknown command.
But you're not safe!
Unknown command.
But you're not safe!
Unknown command.
But you're not safe!
Unknown command.
But you're not safe!
Unknown command.
But you're not safe!
Unknown command.
You hit the dart slug but do no damage. The bat barely misses you.
The hobgoblin hits you.
You die...

* * *#.#.# , #...#*
....... #.#.#
.8..... #...#
....... , , , #.#.#
.g.>... ,
#...####....... * ,
...#.......†...... ,
,
,..$.......##K......
,
####.......@.8.....
, * ,
*#......bwg).....
#.....?......#### ,
*#..........^.... *
* *#............##.#
................ .
..##...#....#####,
,, , #####.#### *


You could see a dart slug, a hobgoblin, a goblin, a bat and a kobold.

Vanquished Creatures
  A hobgoblin (D:1)
  A frilled lizard (D:1)
  A kobold (D:1)
  A rat (D:1)
4 creatures vanquished.

Notes
Turn   | Place    | Note
-------+----------+-------------------------------------------
     0 | D:1      | sentinel the Meteoran Earth Elementalist began the quest
                  | for the Orb.
     0 | D:1      | Reached XP level 1. HP: 14/14 MP: 5/5
    24 | D:1      | Slain by a hobgoblin

Illustrated notes

Levels and vault maps discovered:
D:1:      lemuel_arrival_hallway, layout_rooms, minmay_splitting_lines,
          st_stairs_1

Action                   || total
-------------------------++-------
Melee: Unarmed           ||     3
 Cast: Sandblast         ||     5
Armor: Robe              ||     5
Dodge: Dodged            ||     6
